 Dungeon Crawl Stone Soup version bcrawl-1.27.3 (webtiles) character file.

Game seed: 3084410443021876810

119923 esc the Skirmisher (level 3, 0/40 HPs)
             Began as a Hill Orc Archaeologist on Aug 12, 2020.
             Was an Initiate of Hepliaklqana.
             Succumbed to a crimson imp's poison
             ... on level 2 of the Dungeon.
             The game lasted 00:03:08 (1056 turns).

esc the Skirmisher (Hill Orc Archaeologist)         Turns: 1056, Time: 00:03:09

Health: 0/40       AC: 21    Str: 14    XL:     3   Next: 41%
Magic:  3/3        EV:  1    Int: 14    God:    Hepliaklqana [......]
Gold:   69         SH:  0    Dex: 14    Spells: 2/2 levels left

rFire    . . .     SeeInvis .   a - +0 whip
rCold    . . .     Gourm    .   (no shield)
rNeg     + + +     Faith    .   (armour currently unavailable)
rPois    +         Spirit   .   (helmet currently unavailable)
rElec    .         Reflect  .   (cloak currently unavailable)
rCorr    .         Harm     .   (gloves currently unavailable)
MR       +....     NoTele   +   (boots currently unavailable)
Stlth    +++.......             (no amulet)
HPRegen  0.13/turn              l - ring of protection from magic
MPRegen  0.08/turn              (no ring)

@: agile, lethally poisoned (0 -> -13), tree-form
A: giant, reduced essence
a: Recall Ancestor, Ancestor Identity, Renounce Religion


You were on level 2 of the Dungeon.
You worshipped Hepliaklqana.
Hepliaklqana was noncommittal.
You were not hungry.
You were a tree.
You visited 1 branch of the dungeon, and saw 2 of its levels.

You collected 69 gold pieces.

Inventory:

Hand Weapons
 a - a +0 whip (weapon)
 i - a +0 falchion
Armour
 b - a +1 robe
 c - a +1 hat (melded)
 d - a +1 pair of boots (melded)
 o - a +0 ring mail (melded)
 p - a +2 cloak (melded)
Jewellery
 l - a ring of protection from magic (left branch)
Scrolls
 g - 2 scrolls of magic mapping
 m - a scroll of amnesia {unknown}
 n - a scroll of remove curse {unknown}
Miscellaneous
 f - a dusty tome
Comestibles
 e - 4 rations {!d}
 h - 2 chunks of flesh


   Skills:
 + Level 3.0 Fighting
   Level 3.0 Short Blades
   Level 3.0 Long Blades
   Level 3.0 Axes
   Level 3.0 Maces & Flails
   Level 3.0 Polearms
   Level 3.0 Staves
 + Level 0.6 Armour
 - Level 2.4 Dodging
 - Level 2.6 Stealth
   Level 3.0 Unarmed Combat


You had 2 spell levels left.
You didn't know any spells.
Your spell library was empty.

Dungeon Overview and Level Annotations

Branches:
Dungeon (2/12)

Altars:
Hepliaklqana


Message History

The crimson imp throws a poisoned tomahawk.
The poisoned tomahawk hits you but does no damage.
* * * LOW HITPOINT WARNING * * *
You feel sick.
Simosihle hits the crimson imp.
The crimson imp throws a poisoned tomahawk.
The poisoned tomahawk hits you but does no damage.
You are more poisoned.
* * * LOW HITPOINT WARNING * * *
You feel sick.
Simosihle hits the crimson imp.
The crimson imp throws a poisoned tomahawk.
The poisoned tomahawk hits you but does no damage.
* * * LOW HITPOINT WARNING * * *
You feel sick.
Simosihle closely misses the crimson imp.
The crimson imp blinks!
* * * LOW HITPOINT WARNING * * *
You feel sick.
The crimson imp throws a poisoned tomahawk.
The poisoned tomahawk hits you but does no damage.
You die...

.. .# ##### #.
.# ....# #
##.##.##
.>..### ..
...... .......
#.###....##
.......
.........#
+######
#......# .#
#R.♣...# .#
#####..!...# .#
#..........# .#
#........>.# .#
# #....5%....#
.#
#.#..........#
.#
##.#......#####
R# #......(..#
.# #..#......#


You could see the friendly Simosihle the ancestor and a crimson imp.

Vanquished Creatures
  A worm (D:2)
  A leopard gecko (D:1)
  4 bats
  3 hobgoblins (D:1)
  4 jackals (D:1)
  5 frilled lizards
  6 goblins
  3 kobolds
  7 rats
34 creatures vanquished.

Notes
Turn   | Place    | Note
-------+----------+-------------------------------------------
     0 | D:1      | esc the Hill Orc Archaeologist began the quest for the Orb.
     0 | D:1      | Reached XP level 1. HP: 16/16 MP: 1/1
    62 | D:1      | Reached skill level 2 in Fighting
   115 | D:1      | Reached XP level 2. HP: 24/24 MP: 2/2
   568 | D:1      | Reached XP level 3. HP: 30/30 MP: 3/3
   840 | D:2      | Found a hazy altar of Hepliaklqana.
   850 | D:2      | Became a worshipper of Hepliaklqana the Forgotten
   886 | D:2      | Reached skill level 3 in Fighting
  1055 | D:2      | HP: 1/40 [poisoned by a crimson imp]
  1056 | D:2      | Succumbed to a crimson imp's poison

Skill      XL: |  1  2  3 |
---------------+----------+-----
Fighting       | 2 3 |  3.0
Short Blades   | |  3.0
Long Blades    | |  3.0
Axes           | |  3.0
Maces & Flails | |  3.0
Polearms       | |  3.0
Staves         | |  3.0
Armour         | |  0.6
Dodging        | |  2.4
Stealth        | |  2.6
Unarmed Combat | |  3.0

Action                   || total
-------------------------++-------
Melee: Whip              ||   137
  Use: Potion            ||     2
 Stab: Sleeping          ||     1
  Eat: Chunk             ||     4
Armor: Robe              ||    34
       Ring mail         ||    18
       Skin              ||     9
Dodge: Dodged            ||    88
